 Dungeon Crawl Stone Soup version 0.19-a0-726-g4af737f (webtiles) character file.

254 shmeve the Chopper (level 5, -2/48 HPs)
             Began as a Minotaur Berserker on June 22, 2016.
             Was a Believer of Trog.
             Slain by an orc wizard
             ... wielding a +0 dagger of pain
              (5 damage)
             ... on level 3 of the Dungeon.
             The game lasted 00:03:14 (1946 turns).

shmeve the Chopper (Minotaur Berserker)             Turns: 1946, Time: 00:03:15

Health: -2/48      AC:  2    Str: 23    XL:     5   Next: 90%
Magic:  4/4        EV: 13    Int:  4    God:    Trog [**....]
Gold:   111        SH:  0    Dex:  9    Spells: 0 memorised, 4 levels left

rFire  + . .     SeeInvis .     u - +0 war axe
rCold  . . .     Gourm    .     b - +0 animal skin
rNeg   . . .     Faith    .     (no shield)
rPois  .         Spirit   .     (helmet restricted)
rElec  .         Dismiss  .     (no cloak)
rCorr  .         Reflect  .     (no gloves)
SustAt .         Harm     .     (no boots)
MR     .....                    (no amulet)
Stlth  +.........               (no ring)
                                q - ring of protection from fire

@: confused, not resistant to hostile enchantments, very unstealthy
A: retaliatory headbutt, horns 2
a: Berserk, Trog's Hand, Burn Spellbooks, Renounce Religion


You were on level 3 of the Dungeon.
You worshipped Trog.
Trog was pleased with you.
You were not hungry.

You visited 1 branch of the dungeon, and saw 3 of its levels.

You collected 111 gold pieces.

Inventory:

Hand Weapons
 u - a +0 war axe (weapon)
Armour
 b - a +0 animal skin (worn)
Jewellery
 q - a ring of protection from fire (left hand)
Wands
 o - a wand of iceblast (1/15)
Scrolls
 a - 2 scrolls of amnesia {unknown}
 g - 2 scrolls of enchant armour {unknown}
 j - a scroll of blinking {unknown}
 l - a scroll of teleportation {unknown}
 n - a scroll of identify {unknown}
 r - a scroll of noise {unknown}
Potions
 d - a potion of degeneration {unknown}
 e - 6 potions of curing {unknown}
 f - a potion of brilliance {unknown}
 i - a potion of berserk rage {unknown}
 k - a potion of agility {unknown}
 p - a potion of magic {unknown}
 t - a potion of heal wounds {unknown}
Comestibles
 c - 4 bread rations
 h - 2 meat rations
 m - a slice of pizza


   Skills:
 * Level 5.5 Fighting
 * Level 5.7 Axes
 + Level 3.2 Armour
 + Level 3.4 Dodging


You had 4 spell levels left.
You didn't know any spells.

Dungeon Overview and Level Annotations

Branches:
Dungeon (3/15)

Altars:


Innate Abilities, Weirdness & Mutations

You reflexively headbutt those who attack you in melee.
You have a pair of horns on your head.


Message History

The magic dart hits you!
You're too confused to move!
Something hits you.
You closely miss something. Something hits you.
You closely miss something. You headbutt something.
You hear some strange, mumbled words.
A magic dart appears from out of thin air!
The magic dart hits you!
* * * LOW HITPOINT WARNING * * *
You hit something.
You hear some strange, mumbled words.
A magic dart appears from out of thin air!
The magic dart hits you!
* * * LOW HITPOINT WARNING * * *
Something hits you.
* * * LOW HITPOINT WARNING * * *
You're too confused to move!
Something hits you.
* * * LOW HITPOINT WARNING * * *
You bump into the rock wall.
Something hits you but does no damage.
You barely miss something. Something hits you.
You die...

###########.
#..@{.......
#)#########. #)#
### #.# ..#
######.# #.#
#......# #.#
#.###### #.# #.#
#.#######.#######


There were no monsters in sight!

Vanquished Creatures
  2 orc priests (D:3)
  An orc wizard (D:3)
  Natasha (thrice) (D:2)
  6 adders
  2 giant geckos
  An orc (D:3)
  A giant cockroach (D:3)
  7 hobgoblins
  5 jackals
  4 bats (D:1)
  3 giant newts
  4 goblins
  3 kobolds
  5 rats (D:1)
47 creatures vanquished.

Notes
Turn   | Place    | Note
--------------------------------------------------------------
     0 | D:1      | shmeve the Minotaur Berserker began the quest for the Orb.
     0 | D:1      | Reached XP level 1. HP: 19/19 MP: 0/0
   150 | D:1      | Reached XP level 2. HP: 21/27 MP: 1/1
   868 | D:2      | Reached ** piety under Trog
   868 | D:2      | Reached XP level 3. HP: 33/33 MP: 2/2
   967 | D:2      | Noticed Natasha
   973 | D:2      | Killed Natasha
   973 | D:2      | Reached XP level 4. HP: 21/41 MP: 3/3
  1036 | D:2      | Noticed Natasha
  1037 | D:2      | Killed Natasha
  1124 | D:2      | Reached skill level 5 in Axes
  1250 | D:2      | Noticed Natasha
  1250 | D:2      | Killed Natasha
  1453 | D:3      | Reached skill level 5 in Fighting
  1453 | D:3      | Reached XP level 5. HP: 48/48 MP: 4/4
  1944 | D:3      | HP: 2/48 [something (1)]
  1946 | D:3      | Slain by an orc wizard

Vault maps used:
D:1:      shiori_shiawase, minmay_stone_trees_medium, minivault_14
D:2:      first_bread, uniq_natasha
D:3:      marbit_many_paths

Skill      XL: |  1  2  3  4 |
---------------+-------------+-----
Fighting       | 4 5 |  5.5
Axes           | 4 5 |  5.7
Armour         | 3 |  3.2
Dodging        | 3 |  3.4

Action                   |  1- 3 |  4- 6 || total
-------------------------+-------+-------++-------
Melee: Hand axe          |    50 |    31 ||    81
       Headbutt          |     8 |    10 ||    18
       War axe           |       |    26 ||    26
Invok: Berserk           |     1 |       ||     1
Evoke: Wand              |       |     3 ||     3
 Stab: Sleeping          |     1 |       ||     1
  Eat: Chunk             |       |     4 ||     4
Armor: Animal skin       |     9 |     9 ||    18
Dodge: Dodged            |    23 |    30 ||    53
